 Dungeon Crawl Stone Soup version 0.25.0-46-gbd7b0854d2 (webtiles) character file.

Game seed: 9359691106589074730

225 H0rd4k the Magician (level 5, -4/28 HPs)
             Began as a Deep Elf Wizard on July 14, 2020.
             Shot with an arrow by a centaur (8 damage)
             ... on level 5 of the Dungeon.
             The game lasted 00:06:34 (4608 turns).

H0rd4k the Magician (Deep Elf Wizard)               Turns: 4608, Time: 00:06:34

Health: -4/28      AC:  5    Str:  4    XL:     5   Next: 68%
Magic:  5/16       EV: 13    Int: 24    God:
Gold:   155        SH:  0    Dex: 18    Spells: 6/18 levels left

rFire    . . .     SeeInvis .   y - +1 dagger "Puehoom" {freeze, rC+ Dex+5} (curse)
rCold    + . .     Gourm    .   (no shield)
rNeg     . . .     Faith    .   a - +0 robe
rPois    .         Spirit   .   b - +0 hat
rElec    .         Reflect  .   (no cloak)
rCorr    .         Harm     .   i - +2 pair of gloves
MR       .....                  (no boots)
Stlth    ++........             (no amulet)
HPRegen  0.09/turn              (no ring)
MPRegen  0.15/turn              (no ring)

@: about to teleport
A: no striking features
a: no special abilities


You were on level 5 of the Dungeon.
You were hungry.

You visited 2 branches of the dungeon, and saw 6 of its levels.

You collected 155 gold pieces.

Inventory:

Hand Weapons
 y - the cursed +1 dagger "Puehoom" (weapon) {freeze, rC+ Dex+5}
   (You found it on level 4 of the Dungeon)

   It has been specially enchanted to freeze those struck by it, causing extra
   injury to most foes and up to half again as much damage against particularly
   susceptible opponents.
   It can also slow down cold-blooded creatures.
   It affects your dexterity (+5).
   It protects you from cold.
   It has a curse placed upon it.
Missiles
 f - 7 atropa-tipped darts
 h - 50 poisoned darts (quivered)
Armour
 a - a +0 robe (worn)
 b - a +0 hat (worn)
 i - a +2 pair of gloves (worn)
Wands
 t - a wand of polymorph (9)
 u - a wand of iceblast (9)
Scrolls
 j - 2 scrolls of teleportation
 k - a scroll of enchant armour
 o - a scroll of fog
Potions
 c - a potion of resistance
 g - 5 potions of curing {unknown}
 l - a potion of cancellation {unknown}
 n - a potion of invisibility
 p - a potion of berserk rage
 q - a potion of haste
 s - a potion of ambrosia
 w - 2 potions of degeneration
Comestibles
 d - 4 rations
 r - a chunk of flesh


   Skills:
 + Level 2.9 Dodging
 + Level 2.8 Stealth
 * Level 7.1 Spellcasting
 * Level 3.7 Conjurations
   Level 1.1 Summonings
 + Level 1.1 Translocations


You had 6 spell levels left.
You knew the following spells:

 Your Spells              Type           Power        Failure   Level  Hunger
a - Magic Dart            Conj           ####         1%          1    None
b - Blink                 Tloc           N/A          7%          2    None
c - Conjure Flame         Conj/Fire      ###.....     10%         3    None
d - Mephitic Cloud        Conj/Pois/Air  ##......     13%         3    None
e - Tukima's Dance        Hex            #.......     22%         3    None

Your spell library contained the following spells:

 Spells                   Type           Power        Failure   Level  Hunger
 Corona                   Hex            #......      7%          1    None
 Call Imp                 Summ           ##......     7%          2    None
 Dazzling Flash           Conj/Hex       ###...       10%         3    None
 Ensorcelled Hibernation  Hex/Ice        #.....       11%         2    None
 Slow                     Hex            #.......     11%         2    None
 Confusing Touch          Hex            #.......     22%         3    None


Dungeon Overview and Level Annotations

Branches:
Dungeon (5/15)             Temple (1/1) D:4

Altars:
Ashenzari
Cheibriados
Dithmenos
Elyvilon
Fedhas
Hepliaklqana
Makhleb
Nemelex Xobeh
Qazlal
Ru
Sif Muna
Trog
Uskayaw
Vehumet
Wu Jian
Xom
Zin
The Shining One

Annotations:
D:4 exclusion: 2 downstairs


Message History

The centaur is moderately wounded.
The centaur hits you.
* * * LOW HITPOINT WARNING * * *
Casting: Magic Dart (safe; 1% risk of failure)
Confirm with . or Enter, or press ? or * to list all spells.
Aiming: Magic Dart (safe; 1% risk of failure)
Press: ? - help, Shift-Dir - straight line, f/p - centaur
Aim: a centaur, quivering 24 arrows (moderately wounded, confused)
The magic dart hits the centaur.
The centaur is moderately wounded.
The centaur closely misses you.
As you read the scroll of teleportation, it crumbles to dust.
You feel strangely unstable.
The centaur says, "I'm a little confused."
The centaur barely misses the sky beast.
The centaur seems less confused.
The sky beast flickers out of sight!
Deactivating autopickup; reactivate with Ctrl-A.
The centaur wields a +0 shortbow.
The centaur shoots an arrow.
The arrow hits you!
You die...

.######.....#
........#...#
#.#####l###.#
#..<#c# ...
####.#.#.#
##.#
#....#.#.# #
#....###.#
####.# #.#
#@###.#
#..cl{#
#######


You could see a centaur and a leopard gecko.

Vanquished Creatures
  2 crimson imps
  A bullfrog skeleton (D:2)
  6 adders
  2 worms
  A dart slug (D:2)
  3 leopard geckos
  4 orcs
  3 ball pythons
  3 bats
  2 giant cockroaches
  5 goblins
  5 hobgoblins
  8 jackals
  A quokka (D:2)
  3 frilled lizards
  5 kobolds
  A leopard gecko skeleton (D:3)
  6 rats
61 creatures vanquished.

Notes
Turn   | Place    | Note
-------+----------+-------------------------------------------
     0 | D:1      | H0rd4k the Deep Elf Wizard began the quest for the Orb.
     0 | D:1      | Reached XP level 1. HP: 10/10 MP: 7/7
   231 | D:1      | Reached XP level 2. HP: 15/15 MP: 0/9
   235 | D:1      | Learned a level 2 spell: Blink
   320 | D:1      | Found a shattered altar of Ashenzari.
   485 | D:1      | Reached skill level 5 in Spellcasting
  1363 | D:2      | Reached XP level 3. HP: 19/19 MP: 7/12
  1373 | D:2      | Learned a level 3 spell: Conjure Flame
  1377 | D:2      | Learned a level 3 spell: Mephitic Cloud
  1680 | D:2      | Reached skill level 6 in Spellcasting
  1790 | D:2      | Reached XP level 4. HP: 20/24 MP: 5/14
  2615 | D:3      | Found a faded altar of an unknown god.
  2994 | D:3      | Found a shadowy altar of Dithmenos.
  3150 | D:3      | Found a shimmering altar of Xom.
  3496 | D:3      | Found a bloodstained altar of Trog.
  3898 | D:4      | Found a radiant altar of Vehumet.
  4065 | D:4      | Found a staircase to the Ecumenical Temple.
  4075 | Temple   | Entered the Ecumenical Temple
  4265 | D:4      | Got an encrusted dagger
  4266 | D:4      | Identified the cursed +1 dagger "Puehoom" {freeze, rC+
                  | Dex+5} (You found it on level 4 of the Dungeon)
  4290 | D:5      | Entered Level 5 of the Dungeon
  4298 | D:5      | Learned a level 3 spell: Tukima's Dance
  4351 | D:4      | Reached XP level 5. HP: 23/28 MP: 8/16
  4527 | D:5      | Reached skill level 7 in Spellcasting
  4581 | D:5      | Noticed a sky beast
  4581 | D:5      | Noticed a centaur
  4608 | D:5      | Shot with an arrow by a centaur

Illustrated notes

Levels and vault maps discovered:
D:1:      tarquinn_simple_flora_water_a, layout_basic, evilmike_ruin_ashenzari
D:2:      layout_basic
D:3:      layout_basic, xom_butterflies, lightli_temple_of_fire,
          chequers_ecumenical_altar_lobes, nicolae_dithmenos_shadow_blocks
D:4:      layout_rooms, kennysheep_mini_moat, minmay_temple_entry_poolview,
          first_ration
D:5:      layout_basic, overflow_temple_1_default
Temple:   jpeg_temple_clearing

Skill      XL: |  1  2  3  4  5 |
---------------+----------------+-----
Spellcasting   | 5 6 7 |  7.1
Conjurations   | 2 3 |  3.7
Dodging        | |  2.9
Stealth        | |  2.8
Summonings     | |  1.1
Translocations | |  1.1

Action                   |  1- 3 |  4- 6 || total
-------------------------+-------+-------++-------
 Cast: Magic Dart        |    79 |   115 ||   194
       Conjure Flame     |       |     2 ||     2
       Mephitic Cloud    |       |     1 ||     1
       Blink             |       |     1 ||     1
  Use: Scroll            |       |    13 ||    13
       Potion            |       |     1 ||     1
  Eat: Chunk             |     2 |     5 ||     7
       Ration            |       |     1 ||     1
Armor: Robe              |     3 |     6 ||     9
Dodge: Dodged            |    11 |    29 ||    40
